 Dungeon Crawl Stone Soup version bcrawl-1.20.1 (webtiles) character file.

Game seed: 3362996406099208336

74 MisterOstroum the Sneak (level 4, 0/22 HPs)
             Began as a Felid Summoner on Jan 25, 2020.
             Killed from afar by an orc wizard (5 damage)
             ... with a puff of flame
             ... on level 3 of the Dungeon.
             The game lasted 00:06:47 (3814 turns).

MisterOstroum the Sneak (Felid Summoner)            Turns: 3814, Time: 00:06:47

Health: 0/22       AC:  1    Str:  4    XL:     4   Next: 28%
Magic:  0/9        EV: 17    Int: 17    God:
Gold:   195        SH:  0    Dex: 16    Spells: 3/9 levels left
                                        Lives:  0   Deaths: 1

rFire    + . .     SeeInvis +   (weapon unavailable)
rCold    . . .     Gourm    .   (shield unavailable)
rNeg     . . .     Faith    .   (armour unavailable)
rPois    .         Spirit   +   (helmet unavailable)
rElec    .         Reflect  .   (cloak restricted)
rCorr    .         Harm     .   (gloves unavailable)
MR       .....                  (boots unavailable)
Stlth    +++.......             j - amulet of guardian spirit
HPRegen  0.07/turn              q - +1 ring of slaying
MPRegen  0.11/turn              n - ring of protection from fire

@: lightly drained, quick
A: very small, no armour, no weapons or thrown items, stealth, claws 1, fangs 3,
see invisible, carnivore, speed 1, shaggy fur 1, slow metabolism 1, sharp paws
a: no special abilities


You were on level 3 of the Dungeon.
You were not hungry.

You visited 1 branch of the dungeon, and saw 3 of its levels.

You collected 195 gold pieces.

Inventory:

Armour
 t - a +0 cloak of invisibility
Jewellery
 j - an amulet of guardian spirit (around neck)
 m - an uncursed ring of flight
 n - a ring of protection from fire (right paw)
 q - a +1 ring of slaying (left paw)
Scrolls
 b - a scroll of summoning
 d - 2 scrolls of remove curse {unknown}
 f - 3 scrolls of identify {unknown}
 g - a scroll of fog {unknown}
 i - a scroll of amnesia {unknown}
 o - a scroll of teleportation {unknown}
 p - a scroll of fear {unknown}
Potions
 l - a potion of degeneration {unknown}
 r - a potion of invisibility {unknown}
Comestibles
 e - 3 rations {!d}


   Skills:
 + Level 1.4(1.1) Fighting
 - Level 2.6(2.4) Dodging
 * Level 5.1(4.9) Stealth
 + Level 3.0(2.8) Spellcasting
 * Level 4.2(4.0) Summonings


You had 3 spell levels left.
You knew the following spells:

 Your Spells              Type           Power        Failure   Level  Hunger
a - Summon Small Mammal   Summ           ###.         3%          1    #......
b - Call Imp              Summ           ###...       5%          2    ##.....
c - Call Canine Familiar  Summ           ###.....     11%         3    ###....

Your spell library contained the following spells:

 Spells                   Type           Power        Failure   Level  Hunger
 Summon Ice Beast         Ice/Summ       #.......     61%         4    #####..
 Summon Lightning Spire   Summ/Air       #.......     91%         5    ######.


Dungeon Overview and Level Annotations

Branches:
Dungeon (3/12)

Altars:
Wu Jian
Zin

Annotations:
D:3 exclusion: adder


Innate Abilities, Weirdness & Mutations

You cannot wear almost all types of armour.
You are incapable of wielding weapons or throwing items.
Your paws allow you to move quietly. (Stealth)
You have sharp claws.
You have razor-sharp teeth.
You have supernaturally acute eyesight. (SInv)
You are carnivorous and can eat meat at any time.
You cover ground quickly.
You are covered in fur. (AC +1)
You have a slow metabolism.
Your sharp claws are effective at attacking unaware monsters.


Message History

Your hound bites the orc.
The orc barely misses you.
Your hound completely misses the orc.
You scratch the orc.
You kill the orc!
No target in view!
Your hound wags its tail.
An orc wizard comes into view. It is wielding a +0 dagger.
Your Stealth skill increases to level 5!
Your Spellcasting skill increases to level 3!
Welcome back to level 4!
An orc wizard is nearby!
An orc wizard is nearby!
An orc wizard is nearby!
Things that are here:
a +0 falchion; an orc corpse An orc wizard comes into view.
It is wielding a +0 dagger.
You scratch the orc wizard.
The orc wizard is lightly wounded.
The orc wizard mumbles some strange words.
The orc wizard blinks!
The orc wizard gestures at you while chanting.
You resist with some effort.
The orc wizard gestures wildly while chanting.
The orc wizard blinks!
The orc wizard mumbles some strange words.
The orc wizard flickers and vanishes for a moment.
Your hound bites the orc wizard.
The orc wizard mumbles some strange words.
The orc wizard seems to speed up.
You scratch the orc wizard.
The orc wizard is lightly wounded.
Your hound bites the orc wizard but does no damage.
The orc wizard hits you with a +0 dagger.
You barely miss the orc wizard.
The orc wizard is lightly wounded.
Your hound bites the orc wizard.
The orc wizard hits you with a +0 dagger.
An orc comes into view.
It is wielding a +1 short sword of draining.
The orc wizard hits you with a +0 dagger.
Your hound bites the orc wizard.
The orc wizard hits your hound with a +0 dagger.
You are too injured to fight recklessly!
You are too injured to fight recklessly!
You are too injured to fight recklessly!
You are too injured to fight recklessly!
You are too injured to fight recklessly!
You barely miss the orc wizard.
The orc wizard is lightly wounded.
Your hound bites the orc wizard.
The orc wizard hits your hound with a +0 dagger.
You scratch the orc wizard but do no damage.
The orc wizard is severely wounded.
Your hound bites the orc wizard but does no damage.
The orc wizard hits you with a +0 dagger.
Your hound barely misses the orc wizard.
The orc wizard hits your hound with a +0 dagger.
You scratch the orc wizard but do no damage.
The orc wizard is severely wounded.
The orc misses you.
Your hound bites the orc wizard but does no damage.
The orc wizard closely misses your hound.
Your hound bites the orc wizard but does no damage.
The orc completely misses your hound.
Your hound barely misses the orc wizard.
Casting: Call Canine Familiar (safe; 9% risk of failure)
Confirm with . or Enter, or press ? or * to list all spells.
A beastly little devil appears in a puff of flame.
The orc wizard casts a spell.
The orc wizard blinks!
The orc wizard hits your hound with a +0 dagger.
The orc hits your hound with a +1 short sword of draining.
The orc drains your hound.
Your hound dies!
Your hound's corpse disappears in a puff of smoke!
The orc wizard hits your crimson imp but does no damage.
The orc wizard hits your crimson imp but does no damage.
You scratch the orc wizard.
The orc wizard is severely wounded.
The orc wizard hits you with a +0 dagger.
Your crimson imp hits the orc wizard but does no damage.
You scratch the orc wizard but do no damage.
The orc wizard is severely wounded.
The orc wizard misses you.
Your crimson imp misses the orc wizard.
The orc wizard completely misses you.
An orc comes into view. It is wielding a +0 hand axe.
The orc wizard hits you with a +0 dagger.
The orc completely misses you.
You barely miss the orc wizard.
The orc wizard is severely wounded.
The orc wizard hits you but does no damage.
Your crimson imp blinks!
The orc wizard misses you.
The orc hits you with a +1 short sword of draining.
You feel drained.
The orc wizard hits you with a +0 dagger.
* * * LOW HITPOINT WARNING * * *
The orc wizard barely misses you.
The orc wizard points at you and mumbles some strange words.
The puff of flame hits you! You resist.
You die...

#############.##.####
# #......#.# #
#.####.#.# # #.#.# #
# #.#.# # #. #.#.# #
#..#...# # #
#.....)######.##### #
#.....@)o..........
#......oo.o...#####
#.#####5..(##.# #+
#....# ## #....#
######


You could see 2 orc wizards, 2 orcs and a friendly crimson imp.

Vanquished Creatures
  A water moccasin skeleton (D:2)
  An ooze (D:1)
  A dart slug (D:1)
  A leopard gecko (D:1)
  An orc (D:3)
  A bat (D:2)
  2 giant cockroaches (D:1)
  2 hobgoblins
  A quokka (D:3)
  2 frilled lizards (D:2)
  5 goblins (D:2)
  3 kobolds
  A quokka skeleton (D:2)
  6 rats
28 creatures vanquished.

Vanquished Creatures (collateral kills)
  Crazy Yiuf (D:2)
  An adder (D:3)
  A leopard gecko (D:2)
  An orc (D:3)
  2 giant cockroaches
  2 hobgoblins (D:1)
8 creatures vanquished.

Grand Total: 36 creatures vanquished

Notes
Turn   | Place    | Note
-------+----------+-------------------------------------------
     0 | D:1      | MisterOstroum the Felid Summoner began the quest for the
                  | Orb.
     0 | D:1      | Reached XP level 1. HP: 9/9 MP: 4/4
   557 | D:1      | Reached skill level 4 in Stealth
   557 | D:1      | Reached XP level 2. HP: 13/13 MP: 6/6
   561 | D:1      | Learned a level 2 spell: Call Imp
  1548 | D:2      | Found an ornate altar of the Wu Jian Council.
  2042 | D:2      | Found a glowing silver altar of Zin.
  2304 | D:2      | Found a runed door.
  2625 | D:2      | Reached XP level 3. HP: 17/17 MP: 8/8
  2864 | D:2      | Reached skill level 1 in Fighting
  2864 | D:2      | Reached XP level 4. HP: 22/22 MP: 9/9
  2864 | D:2      | Noticed Crazy Yiuf
  2889 | D:2      | Killed Crazy Yiuf
  3324 | D:3      | Learned a level 3 spell: Call Canine Familiar
  3358 | D:3      | HP: 1/22 [poisoned by an adder]
  3361 | D:3      | Slain by an adder
  3362 | D:3      | Reached XP level 3. HP: -1/27 MP: 8/8
  3794 | D:3      | Reached skill level 5 in Stealth
  3794 | D:3      | Reached XP level 4. HP: 22/22 MP: 7/9
  3814 | D:3      | Killed from afar by an orc wizard

Skill      XL: |  1  2  3 |
---------------+----------+-----
Stealth        | 4 5 |  5.1
Fighting       | 1 |  1.4
Summonings     | 4 |  4.2
Spellcasting   | 3 |  3.0
Dodging        | |  2.6

Action                   |  1- 3 |  4- 6 || total
-------------------------+-------+-------++-------
Melee: Unarmed           |   171 |    33 ||   204
       Bite              |    11 |     2 ||    13
 Cast: Summon Small Mamm |    14 |     3 ||    17
       Call Imp          |     5 |     7 ||    12
       Call Canine Famil |     4 |       ||     4
  Use: Potion            |     2 |     2 ||     4
 Stab: Sleeping          |     6 |       ||     6
       Distracted        |     1 |     1 ||     2
  Eat: Chunk             |    11 |     1 ||    12
Armor: Skin              |    12 |     5 ||    17
Dodge: Dodged            |   141 |    26 ||   167
